 Dungeon Crawl Stone Soup version 0.16-a0-3536-g164200f (webtiles) character file.

95 Gronka the Skirmisher (level 4, -1/41 HPs)
             Began as a Hill Orc Fighter on Jan 8, 2015.
             Slain by a gnoll
             ... wielding a +0 halberd
              (13 damage)
             ... on level 3 of the Dungeon.
             The game lasted 00:06:23 (1801 turns).

Gronka the Skirmisher (Hill Orc Fighter)            Turns: 1801, Time: 00:06:26

Health: -1/41      AC: 10    Str: 19    XL:     4   Next: 66%
Magic:  4/4        EV:  5    Int:  8    God:
Gold:   127        SH:  9    Dex: 10    Spells: 0 memorised, 3 levels left

rFire  . . .     SeeInvis .     a - +0 war axe
rCold  . . .     Clarity  .     l - +0 chain mail
rNeg   . . .     SustAb   .     c - +0 shield
rPois  .         Gourm    .     q - +0 helmet
rElec  .         Spirit   .     (no cloak)
rCorr  .         Warding  .     (no gloves)
rMut   .         Stasis   .     (no boots)
MR     .....                    (no amulet)
Stlth  ..........               (no ring)
                                (no ring)

@: not resistant to hostile enchantments, extremely unstealthy
A: no striking features
a: no special abilities


You were on level 3 of the Dungeon.
You were not hungry.

You visited 1 branch of the dungeon, and saw 3 of its levels.

You collected 127 gold pieces.

Inventory:

Hand weapons
 a - a +0 war axe (weapon)
Armour
 b - a +0 scale mail
 c - a +0 shield (worn)
 l - a +0 chain mail (worn)
 q - a +0 helmet (worn)
Scrolls
 d - a scroll of amnesia {unknown}
 h - a scroll of blinking
 j - a scroll of teleportation {unknown}
 n - a scroll of enchant weapon {unknown}
 r - 2 scrolls of noise {unknown}
 s - a scroll of random uselessness {unknown}
 u - 3 scrolls of remove curse {unknown}
Potions
 e - a potion of might
 i - a potion of haste {unknown}
 k - a potion of heal wounds {unknown}
 m - a potion of flight {unknown}
 o - a potion of magic {unknown}
 p - a potion of restore abilities {unknown}
 v - a potion of berserk rage {unknown}
Comestibles
 f - 5 fruits
 g - 3 beef jerkies
 t - 2 bread rations


   Skills:
 + Level 4.4 Fighting
 + Level 3.6 Axes
 + Level 3.7 Armour
 + Level 1.0 Dodging
 + Level 4.1 Shields


You had 3 spell levels left.
You didn't know any spells.

Dungeon Overview and Level Annotations

Branches:
Dungeon (3/15)

Altars:


Message History

You block the gnoll's attack. The gnoll hits you but does no damage.
You slash the gnoll!
You kill the gnoll!
The gnoll hits you from afar with a halberd.
You block the gnoll's attack. The gnoll hits you but does no damage.
You closely miss the gnoll. You block the gnoll's attack.
The gnoll hits you from afar with a spear.
The gnoll hits you but does no damage.
You hit the gnoll.
The gnoll is lightly wounded.
The gnoll hits you from afar with a halberd.
The gnoll hits you but does no damage. The gnoll barely misses you.
You slash the gnoll!
The gnoll is severely wounded.
The gnoll hits you from afar with a halberd.
The gnoll hits you from afar with a spear.
* * * LOW HITPOINT WARNING * * *
The gnoll hits you but does no damage. You block the gnoll's attack.
The gnoll hits you from afar with a halberd!
You die...

#.....#######.##..... ..
##.................###.###
......>.....#..#........g..
#.........#.#.#...(.....#
#.........#.#.#>.#.##......
#....>....#.#.#.o#g## ###
+.........#.#.#ogg..#
#.........#.#.##g####
#.........#.#.##@#
#.........#.#.##.#
#.........#.#. ###
....#######.# ##### #.#
###########.####
...............#
...########....# ....#
#....#


You could see 3 gnolls, 2 orcs and a goblin.

Vanquished Creatures
  3 adders
  2 gnolls
  A giant mite (D:2)
  A giant gecko (D:3)
  7 bats
  2 giant cockroaches (D:3)
  8 goblins
  4 hobgoblins
  4 jackals (D:1)
  7 kobolds
  4 giant newts
  3 rats (D:1)
46 creatures vanquished.

Notes
Turn   | Place    | Note
--------------------------------------------------------------
     0 | D:1      | Gronka, the Hill Orc Fighter, began the quest for the Orb.
     0 | D:1      | Reached XP level 1. HP: 19/19 MP: 1/1
    82 | D:1      | Reached skill level 4 in Fighting
    82 | D:1      | Reached XP level 2. HP: 14/27 MP: 2/2
   487 | D:1      | Reached XP level 3. HP: 31/33 MP: 3/3
  1134 | D:2      | Reached XP level 4. HP: 40/40 MP: 4/4
  1491 | D:3      | Reached skill level 1 in Dodging
  1801 | D:3      | Slain by a gnoll

Action                   |  1- 3 |  4- 6 || total
-------------------------+-------+-------++-------
Melee: War axe           |   121 |    64 ||   185
  Use: Scroll            |       |     1 ||     1
  Eat: Meat ration       |     1 |       ||     1
